 Dungeon Crawl Stone Soup version 0.17-a0-1914-gde4187c (webtiles) character file.

81 derrpe the Cudgeler (level 4, -3/26 HPs)
             Began as a Gargoyle Gladiator on Sept 27, 2015.
             Killed from afar by a starcursed mass (7 damage)
             ... with an accursed screaming
             ... on level 1 of the Abyss.
             The game lasted 00:02:04 (1070 turns).

derrpe the Cudgeler (Gargoyle Gladiator)            Turns: 1070, Time: 00:02:04

Health: -3/26      AC: 12    Str: 20    XL:     4   Next: 42%
Magic:  4/4        EV:  8    Int:  8    God:
Gold:   111        SH:  0    Dex: 10    Spells: 0 memorised, 3 levels left

rFire  . . .     SeeInvis .     a - +0 flail
rCold  . . .     Clarity  .     k - +0 chain mail
rNeg   + . .     SustAt   .     (no shield)
rPois  ∞         Gourm    .     c - +0 helmet
rElec  +         Spirit   .     (no cloak)
rCorr  .         Warding  .     (no gloves)
rMut   .         Stasis   .     (no boots)
MR     .....                    (no amulet)
Stlth  ..........               (no ring)
                                f - ring of invisibility

@: not resistant to hostile enchantments, extremely unstealthy
A: negative energy resistance 1, electricity resistance, unbreathing,
petrification resistance, rot immunity, AC +3
a: Evoke Invisibility


You were on level 1 of the Abyss.
You were not hungry.

You visited 1 branch of the dungeon, and saw 2 of its levels.
You visited the Abyss 1 time.

You collected 111 gold pieces.

Inventory:

Hand weapons
 a - a +0 flail (weapon)
Missiles
 d - 3 throwing nets (quivered)
Armour
 c - a +0 helmet (worn)
 k - a +0 chain mail (worn)
Jewellery
 f - a ring of invisibility (left hand)
Scrolls
 b - a scroll of magic mapping {unknown}
 i - 2 scrolls of remove curse {unknown}
 l - 2 scrolls of identify {unknown}
Potions
 j - a potion of lignification {unknown}
 m - 2 potions of flight {unknown}
Comestibles
 e - 2 bread rations {@e1}
 h - a meat ration {@e2}


   Skills:
 - Level 2.1 Fighting
 + Level 5.1 Maces & Flails
 - Level 2.0 Throwing
 - Level 2.4 Dodging


You had 3 spell levels left.
You didn't know any spells.

Dungeon Overview and Level Annotations

Branches:
Dungeon (2/15)

Altars:


Innate Abilities, Weirdness & Mutations

You are resistant to torment.
Your stone body is resilient (AC +3).
You are immune to poison.
You resist negative energy.
You are resistant to electric shocks.
You can survive without breathing.
You are immune to petrification.
You are immune to rotting.


Message History

You are cast into the Abyss!
To return, you must find a gate leading back.
Welcome to the Abyss!
You start resting.
A starcursed mass comes into view.
A starcursed mass splits.
The smoke demon roars!
A starcursed mass splits.
Found 5 needles of slowing.
The smoke demon gestures at you. Something smites you!
Ouch! That really hurt!
* * * LOW HITPOINT WARNING * * *
The smoke demon gestures at you. The ball of steam hits you!
* * * LOW HITPOINT WARNING * * *
A starcursed mass splits.
A starcursed mass splits.
A chorus of shrieks assaults your mind.
You die...

.#..#.. .# #
##.X..#.# #.
##.3.#.# #.#
#.XX..# #.#
#.##(.# ...
#.....###
X####.......###
. #......###..#
. #.###... ##@#
.. # .##
#........ .. #
# ###..#.## .
.... .#.## .#
## # #


You could see 2 starcursed masses and a smoke demon.

Vanquished Creatures
  2 gnolls (D:2)
  3 adders (D:2)
  An ooze (D:1)
  A ball python (D:2)
  A giant cockroach (D:1)
  4 goblins
  5 hobgoblins
  2 jackals (D:1)
  A quokka (D:2)
  5 bats
  A giant gecko (D:2)
  3 giant newts (D:1)
  A kobold (D:1)
  4 rats
34 creatures vanquished.

Notes
Turn   | Place    | Note
--------------------------------------------------------------
     0 | D:1      | derrpe the Gargoyle Gladiator began the quest for the Orb.
     0 | D:1      | Reached XP level 1. HP: 12/12 MP: 1/1
   121 | D:1      | Reached XP level 2. HP: 17/17 MP: 2/2
   526 | D:1      | Reached skill level 4 in Maces & Flails
   560 | D:1      | Reached XP level 3. HP: 18/21 MP: 3/3
   882 | D:2      | Reached XP level 4. HP: 19/26 MP: 4/4
  1015 | D:2      | Reached skill level 5 in Maces & Flails
  1019 | D:2      | Cast into the Abyss (gnoll)
  1056 | Abyss:1  | Noticed a starcursed mass
  1057 | Abyss:1  | Noticed a smoke demon
  1070 | Abyss:1  | Killed from afar by a starcursed mass

Vault maps used:
D:1:      roderic_octagonal_star
D:2:      first_bread, minmay_surrounded
Abyss:1:  due_exit_kobolds

Action                   |  1- 3 |  4- 6 || total
-------------------------+-------+-------++-------
Melee: Flail             |   136 |    14 ||   150
  Use: Potion            |     1 |       ||     1
  Eat: Chunk             |       |     1 ||     1
